 Dungeon Crawl Stone Soup version 0.31.0-32-g396128a36d (webtiles) character file.

Game seed: 8822649325452529747

6114 bearlyready the Severer (level 10, -3/88 HPs)
             Began as a Hill Orc Berserker on Mar 29, 2024.
             Was a High Priest of Trog.
             Slain by a troll (6 damage)
             ... on level 9 of the Dungeon.
             The game lasted 00:13:52 (9188 turns).

bearlyready the Severer (Hill Orc Berserker)        Turns: 9188, Time: 00:13:53

Health: -3/88      AC:  9    Str: 25    XL:     10   Next: 89%
Magic:  10/10      EV: 10    Int:  7    God:    Trog [*****.]
Gold:   445        SH:  5    Dex: 10    Spells: 9/9 levels left

rFire   . . .        k - +0 war axe
rCold   . . .        (no shield)
rNeg    . . .        y - +0 scale mail
rPois   .            i - +0 helmet
rElec   .            r - +0 cloak
rCorr   .            s - +0 pair of gloves
SInv    .            (no boots)
Will    .....        x - amulet of reflection Stlth
                     d - ring of flight
HPRegen 0.34/turn    (no ring)
MPRegen 0.12/turn

%: reflection
@: flying
A: no striking features
a: Renounce Religion, Berserk, Trog's Hand, Brothers in Arms


You were on level 9 of the Dungeon.
You worshipped Trog.
Trog was extremely pleased with you.
You visited 2 branches of the dungeon, and saw 10 of its levels.

You collected 445 gold pieces.

Inventory:

Hand Weapons
 a - a +0 hand axe
 k - a +0 war axe (weapon)
 D - a +0 battleaxe
Missiles
 g - 13 poisoned darts (quivered)
Armour
 i - a +0 helmet (worn)
 r - a +0 cloak (worn)
 s - a +0 pair of gloves (worn)
 y - a +0 scale mail (worn)
Jewellery
 d - a ring of flight (left hand)
 x - an amulet of reflection (around neck)
Wands
 u - a wand of flame (17)
 w - a wand of charming (8)
 C - a wand of quicksilver (13)
Scrolls
 f - a scroll of vulnerability
 n - a scroll of blinking
 o - 10 scrolls of teleportation
 t - a scroll of fog
 B - 2 scrolls of noise
Potions
 b - 3 potions of heal wounds
 c - 2 potions of enlightenment {unknown}
 e - a potion of mutation {unknown}
 h - 2 potions of might {unknown}
 j - a potion of degeneration {unknown}
 l - 2 potions of curing {unknown}
 m - 3 potions of berserk rage {unknown}
 p - 2 potions of brilliance {unknown}
 q - 3 potions of haste {unknown}
 v - a potion of invisibility {unknown}
 z - a potion of lignification {unknown}
 A - a potion of magic {unknown}


   Skills:
 + Level 8.2 Fighting
 + Level 15.3 Axes
 - Level 2.1 Armour
 - Level 1.5 Dodging
 + Level 9.3 Evocations


You had 9 spell levels left.
You didn't know any spells.
Your spell library was empty.

Dungeon Overview and Level Annotations

Branches:
Dungeon (9/15)             Temple (1/1) D:4
   Lair: D:8-11         Orc: D:9-12

Altars:
Ashenzari
Cheibriados
Dithmenos
Elyvilon
Fedhas
Gozag
Hepliaklqana
Makhleb
Nemelex Xobeh
Okawaru
Qazlal
Ru
Sif Muna
Trog
Uskayaw
Vehumet
Wu Jian
Xom
Yredelemnul
Zin
The Shining One

Shops:
D:5 =:   D:7 [


Message History

A troll is nearby!
A troll is nearby!
The troll bites you! The troll claws you but does no damage.
The troll claws you.
You hit the troll.
The troll is lightly wounded.
You slash the troll! Your punch misses the troll.
The troll is moderately wounded.
The troll barely misses you. The troll claws you but does no damage.
The troll closely misses you.
You barely miss the troll.
The troll is moderately wounded.
The troll closely misses you. The troll claws you!
The troll claws you but does no damage.
You closely miss the troll.
The troll is moderately wounded.
You block the troll's attack. The troll claws you! The troll barely misses you.
You slash the troll!
The troll is severely wounded.
You hit the troll.
The troll is almost dead.
The troll bites you! The troll claws you! The troll claws you.
You completely miss the troll.
The troll is severely wounded.
You block the troll's attack. The troll claws you. x2
* * * LOW HITPOINT WARNING * * *
You closely miss the troll.
The troll is severely wounded.
The troll misses you. The troll claws you!
* * * LOW HITPOINT WARNING * * *
The troll claws you.
* * * LOW HITPOINT WARNING * * *
Aiming: Quicksilver Bolt
Press: ? - help, Shift-Dir - straight line, f - troll
Aim: a troll (severely wounded, 74% to hit)
The bolt of dispelling energy misses the troll.
The troll bites you!
* * * LOW HITPOINT WARNING * * *
The troll claws you.
You die...

#.# # #.# # # #.# #.##
#.# #... #.# #### .
#.######### ...
#..........
#....###################
#....T@.........# #
#.#.###########.# #.#
##### #.# #....
#.###.##. #..[.....
#####.##. #.### #.# #


You could see a troll.

Vanquished Creatures
  Pikel (D:7)
  Joseph (D:8)
  A troll (D:9)
  A shadow (D:6)
  11 yaks
  A steam dragon (D:6)
  3 ice beasts
  An orc warrior (D:8)
  A sky beast (D:7)
  2 black bears
  4 centaurs
  5 ogres
  A lemure (D:7)
  4 bullfrogs
  2 kobold brigands (D:9)
  2 scorpions (D:7)
  3 wights (D:9)
  5 howler monkeys
  3 bombardier beetles
  5 hounds
  3 orc priests
  A gnoll bouda (D:9)
  A jelly (D:5)
  A sleepcap (D:5)
  An orc wizard (D:5)
  6 iguanas
  Robin (D:2)
  8 gnolls
  14 adders
  2 shadow imps
  3 white imps
  5 dart slugs
  3 ribbon worms (D:3)
  20 orcs
  16 bats
  3 endoplasms
  5 giant cockroaches
  26 goblins
  6 hobgoblins
  2 jackals (D:2)
  5 quokkas
  10 ball pythons
  4 frilled lizards (D:1)
  15 kobolds
  4 rats
222 creatures vanquished.

Notes
Turn   | Place    | Note
-------+----------+-------------------------------------------
     0 | D:1      | bearlyready the Hill Orc Berserker began the quest for the
                  | Orb.
     0 | D:1      | Reached XP level 1. HP: 19/19 MP: 1/1
   142 | D:1      | Reached XP level 2. HP: 26/26 MP: 2/2
   210 | D:1      | Reached skill level 5 in Axes
   309 | D:1      | Reached ** piety under Trog
   318 | D:1      | Reached XP level 3. HP: 21/31 MP: 3/3
   795 | D:2      | Reached skill level 6 in Axes
   873 | D:2      | Noticed Robin
   880 | D:2      | Killed Robin
   881 | D:2      | Reached XP level 4. HP: 37/39 MP: 4/4
  1044 | D:2      | Reached *** piety under Trog
  1271 | D:2      | Reached skill level 7 in Axes
  1343 | D:2      | Reached XP level 5. HP: 45/45 MP: 5/5
  1608 | D:2      | Reached skill level 8 in Axes
  2145 | D:3      | Reached XP level 6. HP: 46/51 MP: 6/6
  2786 | D:4      | Reached **** piety under Trog
  2868 | D:4      | Reached skill level 9 in Axes
  3032 | D:4      | Found a staircase to the Ecumenical Temple.
  3086 | D:4      | Found a sacrificial altar of Ru.
  3154 | D:4      | Found a blossoming altar of Fedhas.
  3202 | D:4      | Reached skill level 10 in Axes
  3492 | D:5      | Entered Level 5 of the Dungeon
  3504 | D:5      | Reached XP level 7. HP: 24/57 MP: 7/7
  3667 | D:5      | Reached skill level 1 in Evocations
  4113 | D:5      | Found Xaaz's Book Boutique.
  4207 | D:5      | Noticed a yak
  4207 | D:5      | Noticed a yak
  4210 | D:5      | Noticed a yak
  4212 | D:5      | Noticed a yak
  4213 | D:5      | Noticed a yak
  4383 | D:4      | Killed a yak
  4384 | D:4      | Reached skill level 11 in Axes
  4384 | D:4      | Reached XP level 8. HP: 46/64 MP: 8/8
  4403 | Temple   | Entered the Ecumenical Temple
  4518 | D:5      | Found a bloodstained altar of Trog.
  4520 | D:5      | Found a radiant altar of Vehumet.
  4761 | D:5      | Found Pimmiah's Jewellery Shoppe.
  4999 | D:6      | Found a broken altar of Ashenzari.
  5158 | D:5      | Killed a yak
  5159 | D:5      | Reached skill level 12 in Axes
  5159 | D:5      | Reached skill level 5 in Evocations
  5164 | D:5      | Killed a yak
  5165 | D:5      | Killed a yak
  5166 | D:5      | Reached XP level 9. HP: 70/70 MP: 9/9
  5226 | D:6      | Reached skill level 13 in Axes
  5648 | D:6      | Found a basalt altar of Yredelemnul.
  6121 | D:6      | Identified the +2 helmet of the Guardian {rF+ Will+ rCorr
                  | Str-5}
  6901 | D:7      | Found a hide-covered altar of Uskayaw.
  6910 | D:7      | Reached skill level 5 in Fighting
  6961 | D:7      | Reached skill level 14 in Axes
  7103 | D:7      | Reached XP level 10. HP: 82/82 MP: 10/10
  7674 | D:7      | Found Xanugax's Armour Emporium.
  7681 | D:7      | Noticed Pikel
  7735 | D:7      | Killed Pikel
  8084 | D:8      | Noticed Joseph
  8281 | D:8      | Killed Joseph
  8693 | D:9      | Reached ***** piety under Trog
  8696 | D:9      | Reached skill level 15 in Axes
  9188 | D:9      | HP: 3/88 [troll (8)]
  9188 | D:9      | Slain by a troll

Illustrated notes

Levels and vault maps discovered:
D:1:      amcnicky_arrival_underground_garden, layout_basic
D:2:      layout_loops_cross, minmay_snake_closets, uniq_robin
D:3:      layout_basic
D:4:      layout_basic, fedhas_altar_3, nicolae_ru_path_of_blood,
          minmay_temple_entry_stoned_glass
D:5:      layout_basic, gammafunk_temple_overflow_pools, serial_shops,
          nicolae_shop_crystal, st_stairs_13, minmay_shop_grid_forest
D:6:      minmay_chambers_of_sixes, layout_basic,
          mainiacjoe_overflow_catwalk_spiral
D:7:      layout_cave_pods, nicolae_uskayaw_murder_on_the_dancefloor,
          serial_shops, shop, chequers_jeans, uniq_pikel
D:8:      layout_gridville, uniq_joseph
D:9:      layout_loops_ring, dk_noncrumbling_3, abandoned_shop,
          chequers_serial_rivers_small_a
Temple:   nicolae_temple_superstar

Skill      XL: |  1  2  3  4  5  6  7  8  9 10 |
---------------+-------------------------------+-----
Axes           | 5 6 7 8 10 11 12 14 15 | 15.3
Evocations     | 3 6 7 9 |  9.3
Fighting       | 5 8 |  8.2
Armour         | |  2.1
Dodging        | |  1.5

Action                     |  1- 3 |  4- 6 |  7- 9 | 10-12 || total
---------------------------+-------+-------+-------+-------++-------
  Melee: Hand axe          |   109 |    26 |       |       ||   135
         War axe           |       |   171 |   264 |   160 ||   595
         Punch             |       |     3 |     3 |     6 ||    12
 Invoke: Berserk           |     1 |     1 |     3 |     3 ||     8
  Evoke: Wand              |       |       |       |     3 ||     3
    Use: Scroll            |       |       |     1 |     5 ||     6
 Armour: Animal skin       |     9 |       |       |       ||     9
         Ring mail         |    51 |   116 |   109 |       ||   276
         Scale mail        |       |       |    33 |    93 ||   126
  Dodge: Dodged            |    79 |   108 |   109 |    68 ||   364
  Block: Other             |       |       |    39 |    26 ||    65
         Reflection        |       |       |     2 |       ||     2
